 Dungeon Crawl Stone Soup version 0.31-a0-237-g2d982f9f85 (webtiles) character file.

Game seed: 46470475115329233

6 qw the Vexing (level 1, 0/12 HPs)
             Began as a Gargoyle Hexslinger on July 10, 2023.
             Slain by a goblin
             ... wielding a +0 club
              (4 damage)
             ... on level 1 of the Dungeon.
             The game lasted 00:00:07 (414 turns).

qw the Vexing (Gargoyle Hexslinger)                  Turns: 414, Time: 00:00:07

Health: 0/12       AC:  4    Str: 11    XL:     1   Next: 90%
Magic:  2/2        EV: 12    Int: 13    God:
Gold:   41         SH:  0    Dex: 12    Spells: 1/2 levels left

rFire   . . .        Y - +1 sling
rCold   . . .        (no shield)
rNeg    + . .        c - +0 robe
rPois   inf          (no helmet)
rElec   +            (no cloak)
rCorr   .            (no gloves)
SInv    .            (no boots)
Will    .....        (no amulet)
Stlth   +            (no ring)
HPRegen 0.22/turn    (no ring)
MPRegen 0.08/turn

%: no passive effects
@: no status effects
A: sickness immunity, AC +2, negative energy resistance 1, electricity
resistance, torment resistance 1, petrification resistance
a: no special abilities


You were on level 1 of the Dungeon.
You visited 1 branch of the dungeon, and saw 2 of its levels.

You collected 41 gold pieces.


Innate Abilities, Weirdness & Mutations

You are immune to sickness and miasma.
Your stone body is resilient. (AC +2)
You are immune to poison.
You resist negative energy. (rN+)
You are resistant to electric shocks. (rElec)
You are resistant to unholy torment.
You are immune to petrification.


   Skills:
 - Level 1.1 Fighting
 + Level 2.6 Ranged Weapons
 - Level 1.5 Dodging
 - Level 1.0 Spellcasting
 - Level 2.6 Hexes


You had one spell level left.
You knew the following spells:

 Your Spells              Type           Power      Damage    Failure   Level
a - Slow                  Hex            28%        N/A       10%         1

Your spell library contained the following spells:

 Spells                   Type           Power      Damage    Failure   Level
 Inner Flame              Hex/Fire       4%         N/A       43%         3
 Portal Projectile        Hex/Tloc       8%         N/A       43%         3
 Cause Fear               Hex            3%         N/A       67%         4

Inventory:

Hand Weapons
 Y - a +1 sling (weapon)
Armour
 c - a +0 robe (worn)
Potions
 e - a potion of curing {unknown}

Dungeon Overview and Level Annotations

Branches:
Dungeon (2/15)

Altars:

Shops:
D:1 [


Message History

You shoot a sling bullet.
The sling bullet barely misses the kobold.
The kobold hits you with a +0 dagger.
You shoot a sling bullet. The sling bullet hits the kobold.
The kobold is severely wounded.
The kobold hits you with a +0 dagger. The goblin hits you but does no damage.
The kobold closely misses you.
You shoot a sling bullet. The sling bullet hits the kobold.
You kill the kobold!
The goblin misses you.
You shoot a sling bullet.
The sling bullet barely misses the quokka.
The quokka barely misses you. The goblin barely misses you.
The quokka bites you.
408 ||| STAIRDANCE The goblin barely misses you.
The quokka closely misses you.
You climb upwards.
There is a stone staircase leading down here.
You shoot a sling bullet.
The sling bullet closely misses the quokka.
The goblin hits you with a +0 club.
The quokka bites you but does no damage.
The goblin barely misses you.
You shoot a sling bullet.
The sling bullet barely misses the quokka.
The quokka bites you.
The quokka bites you but does no damage.
The goblin hits you but does no damage.
You shoot a sling bullet. The sling bullet hits the quokka.
The quokka is severely wounded.
The quokka closely misses you. The goblin closely misses you.
The quokka bites you.
You shoot a sling bullet.
The sling bullet barely misses the quokka.
The goblin hits you but does no damage.
The quokka bites you but does no damage.
You shoot a sling bullet. The sling bullet hits the quokka.
You kill the quokka!
The goblin hits you but does no damage. The goblin hits you with a +0 club.
You die...

#############
##@%...#.....##
##g............##
#...............#
#...............#
#.........?.....#
#...............####
#...................
#...............####
##...............##


You could see a goblin.

Vanquished Creatures
  A ball python (D:1)
  2 bats (D:1)
  A goblin (D:1)
  A kobold (D:2)
  A quokka (D:1)
6 creatures vanquished.

Notes
Turn   | Place    | Note
-------+----------+-------------------------------------------
     0 | D:1      | qw the Gargoyle Hexslinger began the quest for the Orb.
     0 | D:1      | Reached XP level 1. HP: 12/12 MP: 2/2
     0 | D:1      | 0 ||| qw: Version: 0.3-a-52-g30416fa
     0 | D:1      | 0 ||| qw: Game counter: 5212
     0 | D:1      | 0 ||| qw: Melee chars always use a shield: true
     0 | D:1      | 0 ||| qw: God list: Okawaru
     0 | D:1      | 0 ||| qw: Allow faded altars: false
     0 | D:1      | 0 ||| qw: Do Orc after clearing Dungeon:15 true
     0 | D:1      | 0 ||| qw: Do second Lair branch before Depths: true
     0 | D:1      | 0 ||| qw: Lair rune preference: random
     0 | D:1      | 0 ||| qw: Goals: Normal
     0 | D:1      | 0 ||| PLANNING D:1-11
   238 | D:1      | Found Boynnyro's Antique Armour Shop.
   246 | D:1      | 246 ||| SHOPLISTING glowing scarf (168 gold, have 36).
   246 | D:1      | 246 ||| SHOPLISTING leather armour (42 gold, have 36).
   246 | D:1      | 246 ||| SHOPLISTING pair of boots (94 gold, have 36).
   246 | D:1      | 246 ||| SHOPLISTING pair of jewelled gloves (199 gold, have
                  | 36).
   388 | D:1      | 388 ||| READING scroll labelled VIETYK JIORHO.
   389 | D:1      | 389 ||| READING scroll labelled XAOBIMODGHA.
   392 | D:1      | 392 ||| DROPPING scroll of poison.
   408 | D:2      | 408 ||| STAIRDANCE
   414 | D:1      | Slain by a goblin

Levels and vault maps discovered:
D:1:      tarquinn_simple_flora_water_f, layout_rooms, serial_shops,
          nicolae_shop_stone
D:2:      layout_loops_ring, dreamdust_ecumenical_altar_grove,
          chequers_decorated_corner, st_stairs_10

Action                     || total
---------------------------++-------
   Fire: Sling             ||    20
    Use: Scroll            ||     2
 Armour: Robe              ||     7
  Dodge: Dodged            ||    13

Table legend:
 A = Non-vault XP
 B = Vault XP
 C = Vault XP percentage of total XP
 D = Non-vault monster count
 E = Vault monster count
 F = Vault count percentage of total count
                 A         B        C        D         E       F
            +---------+---------+-------+---------+---------+-------
      Total |       9 |       2 |  18.2 |       5 |       1 |  16.7
            +---------+---------+-------+---------+---------+-------
        D:1 |       7 |       2 |  22.2 |       4 |       1 |  20.0
        D:2 |       2 |       0 |   0.0 |       1 |       0 |   0.0
            +---------+---------+-------+---------+---------+-------
